AoeStats
← [NICE_ASS] BigMasi

Runestones

507532408Analyzed
1v1 RM · 14d ago on Sep 18, 2026· 54m 8s· 2 players
Game mode
Random Map
Map size
Tiny (2 player)
Population
200
Speed
Normal
Resources
Standard
Victory
Conquest
Starting age
Dark Age
Ending age
Imperial Age
RankedLock teamsTeams togetherTeam positionsShared explorationLock speedFull tech treeHidden civsTurbo modeCheats
Victory
Defeat
🇨🇭 Chinese · Switzerland
1305
+15
🇺🇸 Khmer · United States
1283
-15
DeusCon
7:22 Loom
11:10 Feudal Age
15:37 Castle Age
14:09 Gold Mining
14:22 Double-Bit Axe
16:43 Bow Saw
18:25 Gold Shaft Mining
25:40 Light Cavalry
26:36 Bloodlines
34:16 Imperial Age
33:06 Stone Mining
33:17 Horse Collar
34:53 Husbandry
37:40 Scale Barding Armor
38:33 Conscription
37:48 Pikeman
40:19 Wheelbarrow
40:31 Town Watch
40:42 Halberdier
42:15 Scale Mail Armor
43:05 Fletching
46:54 Chain Barding Armor
47:41 Bodkin Arrow
48:16 Ballistics
48:57 Chemistry
48:35 Tusk Swords
49:38 Hussar
50:25 Double Crossbow
52:21 Bracer
53:16 Padded Archer Armor
53:02 Crossbowman
[NICE_ASS] BigMasi
0:26 Loom
10:55 Feudal Age
12:48 Double-Bit Axe
18:37 Castle Age
17:44 Gold Mining
19:52 Bow Saw
29:41 Bloodlines
32:34 Devotion
32:41 Scale Mail Armor
34:40 Scale Barding Armor
36:09 Wheelbarrow
36:38 Horse Collar
40:18 Imperial Age
38:45 Hand Cart
38:15 Town Watch
41:52 Gold Shaft Mining
41:41 Scale Mail Armor
41:51 Forging
42:23 Conscription
45:08 Chain Mail Armor
45:29 Iron Casting
44:21 Capped Ram
44:38 Elite Fire Lancer
46:45 Chain Barding Armor
46:57 Plate Mail Armor
48:54 Blast Furnace
48:48 Squires
48:33 Arson
48:32 Heavy Rocket Cart
50:36 Chain Barding Armor
51:43 Bloodlines
51:34 Husbandry
50:54 Light Cavalry
52:46 Pikeman
Connection lost

Rejoining the realm…

Still unreachable

The connection could not be restored.

Session expired

The server has moved on; the page needs a fresh start.